AoeStats
← Cinnamoroll

African Clearing

506034892Analyzed
4v4 RM · 20d ago on Sep 12, 2026· 40m 42s· 8 players
Game mode
Random Map
Map size
Large (8 player)
Population
200
Speed
Normal
Resources
Standard
Victory
Conquest
Starting age
Dark Age
Ending age
Imperial Age
RankedLock teamsTeams togetherTeam positionsShared explorationLock speedFull tech treeHidden civsTurbo modeCheats
Victory
Defeat
🇨🇦 Mongols · Canada
1528
+8
🇨🇳 Mapuche · China
1466
+10
🇺🇸 Bulgarians · United States
1462
+11
🇨🇴 Poles · Colombia
1425
+12
🇺🇸 Britons · United States
1368
-11
1357
-11
🇺🇸 Sicilians · United States
1345
-10
🇺🇸 Maya · United States
1294
-9
Cinnamoroll
6:05 Loom
15:22 Feudal Age
16:14 Double-Bit Axe
19:00 Castle Age
17:16 Fishing Lines
19:51 Bow Saw
19:55 Gillnets
21:10 Town Watch
22:49 Ballistics
23:12 Fletching
23:54 Horse Collar
24:53 Bodkin Arrow
25:33 Padded Archer Armor
27:06 Leather Archer Armor
27:09 Elite Skirmisher
34:23 Wheelbarrow
41:09 Hand Cart
43:52 Imperial Age
Sebastianquijanog
13:16 Feudal Age
14:25 Loom
18:46 Castle Age
16:37 Double-Bit Axe
16:34 Horse Collar
20:27 Heavy Plow
22:50 Bow Saw
26:39 Szlachta Privileges
26:59 Scale Barding Armor
27:42 Bloodlines
28:07 Chain Barding Armor
30:01 Husbandry
30:12 Forging
32:29 Iron Casting
32:55 Gold Mining
37:03 Imperial Age
34:45 Light Cavalry
37:36 Cavalier
37:36 Winged Hussar
johnnyboy
4:22 Loom
15:22 Feudal Age
20:30 Fletching
30:34 Castle Age
轻绘梨花泪满衣
13:21 Feudal Age
15:49 Double-Bit Axe
18:43 Castle Age
20:14 Fletching
21:37 Loom
TamerCaribou922
8:12 Loom
15:02 Feudal Age
16:47 Town Watch
19:43 Castle Age
19:37 Fletching
20:53 Bodkin Arrow
21:57 Double-Bit Axe
25:18 Padded Archer Armor
29:03 Ballistics
32:58 Horse Collar
35:50 Bow Saw
37:26 Pikeman
PrEyOnU1
10:45 Loom
13:40 Feudal Age
14:44 Double-Bit Axe
17:31 Castle Age
15:25 Fletching
16:12 Gold Mining
18:10 Bodkin Arrow
19:54 Horse Collar
26:19 Wheelbarrow
27:44 Ballistics
27:50 Padded Archer Armor
28:48 Leather Archer Armor
31:45 Hand Cart
35:27 Imperial Age
35:24 Bow Saw
36:11 Bracer
38:07 Chemistry
39:21 Ring Archer Armor
40:52 Scale Mail Armor
41:05 Forging
SnakyPringle
3:55 Loom
13:00 Feudal Age
16:03 Fletching
19:12 Scale Mail Armor
27:47 Castle Age
被判西西弗斯之刑
8:13 Loom
13:01 Feudal Age
23:28 Castle Age
21:52 Bloodlines
25:59 Double-Bit Axe
29:00 Wheelbarrow
29:05 Horse Collar
31:24 Gold Mining
33:30 Forging
Connection lost

Rejoining the realm…

Still unreachable

The connection could not be restored.

Session expired

The server has moved on; the page needs a fresh start.